 Dungeon Crawl Stone Soup version 0.31-a0-217-g58bb5d79cf (webtiles) character file.

Game seed: 1046522064536501207

43 experimilk the Conjurer (level 3, 0/26 HPs)
             Began as a Draconian Conjurer on July 2, 2023.
             Slain by a phantom (6 damage)
             ... on level 5 of the Dungeon.
             The game lasted 00:02:25 (1380 turns).

experimilk the Conjurer (Draconian Conjurer)        Turns: 1380, Time: 00:02:26

Health: 0/26       AC:  6    Str:  9    XL:     3   Next: 37%
Magic:  6/6        EV: 12    Int: 20    God:
Gold:   68         SH:  0    Dex:  9    Spells: 3/6 levels left

rFire   . . .        g - +0 short sword
rCold   . . .        (no shield)
rNeg    . . .        (body armour unavailable)
rPois   .            (helmet restricted)
rElec   .            (no cloak)
rCorr   .            d - +0 pair of gloves
SInv    .            (no boots)
Will    .....        (no amulet)
Stlth   ++           (no ring)
HPRegen 0.24/turn    (no ring)
MPRegen 0.10/turn

%: no passive effects
@: no status effects
A: AC +5, unfitting armour, cold-blooded
a: no special abilities


You were on level 5 of the Dungeon.
You visited 1 branch of the dungeon, and saw 4 of its levels.

You collected 68 gold pieces.

Inventory:

Hand Weapons
 g - a +0 short sword (weapon)
Armour
 d - a +0 pair of gloves (worn)
Jewellery
 m - an amulet of guardian spirit
Scrolls
 b - 2 scrolls of noise {unknown}
 c - a scroll of torment {unknown}
 e - a scroll of identify {unknown}
 f - a scroll of vulnerability {unknown}
 h - a scroll of teleportation {unknown}
 i - a scroll of fog {unknown}
Potions
 j - a potion of brilliance {unknown}
 k - a potion of enlightenment {unknown}
 l - 2 potions of degeneration {unknown}


   Skills:
 - Level 1.7 Dodging
 - Level 1.7 Stealth
 - Level 2.0 Spellcasting
 * Level 5.2 Conjurations


You had 3 spell levels left.
You knew the following spells:

 Your Spells              Type           Power      Damage    Failure   Level
a - Magic Dart            Conj           92%        1d7       1%          1
z - Searing Ray           Conj           46%        2d6       2%          2

Your spell library contained the following spells:

 Spells                   Type           Power      Damage    Failure   Level
 Dazzling Flash           Conj/Hex       24%        N/A       16%         3
 Fulminant Prism          Conj/Hex       6%         3d6       47%         4
 Iskenderun's Mystic Bla  Conj/Tloc      12%        2d5       47%         4


Dungeon Overview and Level Annotations

Branches:
Dungeon (5/15)
 Temple: D:4-7

Altars:


Innate Abilities, Weirdness & Mutations

Your plain brown scales are hard. (AC +5)
You cannot fit into any form of body armour.
You are cold-blooded and may be slowed by cold attacks.


Message History

The ice beast hits you but does no damage.
The ice beast attacks as you move away!
The ice beast hits you but does no damage.
The ice beast attacks as you move away! The ice beast hits you.
The ice beast freezes you!
Ouch! That really hurt!
The ice beast attacks as you move away!
The ice beast hits you but does no damage.
The ice beast attacks as you move away!
The ice beast hits you but does no damage.
You hit the ice beast but do no damage.
The ice beast hits you but does no damage.
You hit the ice beast but do no damage. You punch the ice beast.
The ice beast is lightly wounded.
The ice beast hits you. The ice beast freezes you.
You feel yourself slow down.
* * * LOW HITPOINT WARNING * * *
You hit the ice beast but do no damage.
The ice beast is lightly wounded.
The ice beast closely misses you.
You barely miss the ice beast.
Your tail-slap misses the ice beast.
The ice beast is lightly wounded.
You feel yourself speed up.
You barely miss the phantom.
The phantom hits you but does no damage.
You hit the phantom.
The phantom is lightly damaged.
The phantom misses you.
You closely miss the phantom.
The phantom is lightly damaged.
The phantom closely misses you.
You closely miss the phantom.
The phantom is lightly damaged.
The phantom hits you.
* * * LOW HITPOINT WARNING * * *
The phantom blinks!
You blink.
You closely miss the phantom.
You tail-slap the phantom, but do no damage.
The phantom is lightly damaged.
The phantom hits you.
You die...

#.#.##
#..
..#..#
#.#
#..##f###
#.#
#####.W.#
#.# ###.#
#.#
#.###.#
#.fY#.#
###.s§#
###@# #W#
###


You could see an ice beast, a phantom, a sleepcap and a scorpion.

Vanquished Creatures
  An adder (D:2)
  An ufetubus (D:5)
  A dart slug (D:1)
  2 orcs
  3 bats (D:1)
  An endoplasm (D:1)
  A giant cockroach (D:1)
  3 goblins (D:1)
  A hobgoblin (D:1)
  3 kobolds
  3 ball pythons
  2 frilled lizards (D:2)
  3 rats (D:1)
25 creatures vanquished.

Notes
Turn   | Place    | Note
-------+----------+-------------------------------------------
     0 | D:1      | experimilk the Draconian Conjurer began the quest for the
                  | Orb.
     0 | D:1      | Reached XP level 1. HP: 14/14 MP: 3/3
   247 | D:1      | Reached XP level 2. HP: 16/20 MP: 0/5
   984 | D:1      | Learned a level 2 spell: Searing Ray
  1004 | D:2      | Found a faded altar of an unknown god.
  1035 | D:2      | Reached skill level 5 in Conjurations
  1035 | D:2      | Reached XP level 3. HP: 26/26 MP: 1/6
  1222 | D:2      | You fall into a shaft and drop 2 floors!
  1254 | D:5      | Entered Level 5 of the Dungeon
  1348 | D:5      | Noticed a phantom
  1359 | D:5      | Noticed an ice beast
  1360 | D:5      | Noticed a scorpion
  1380 | D:5      | Slain by a phantom

Illustrated notes

Levels and vault maps discovered:
D:1:      amcnicky_arrival_single_pillar, layout_basic,
          nicolae_figureground_sparkle
D:2:      layout_loops_cross, serial_shops, nicolae_shop_drivethru,
          hellmonk_ecumenical_altar_pennies_from_heaven, minmay_pentomino_w2,
          uniq_terence
D:4:      layout_cave_pools, grunt_ministairs_1, kennysheep_pointless_box,
          roderic_lattice_a, nicolae_figureground_pulse
D:5:      layout_rooms, uniq_pikel, uniq_menkaure

Skill      XL: |  1  2 |
---------------+-------+-----
Conjurations   | 5 |  5.2
Dodging        | |  1.7
Stealth        | |  1.7
Spellcasting   | |  2.0

Action                     || total
---------------------------++-------
  Melee: Dagger            ||     3
         Tailslap          ||     3
         Short sword       ||    14
         Punch             ||     1
   Cast: Magic Dart        ||    38
         Searing Ray       ||     4
    Use: Potion            ||     1
 Armour: Skin              ||    29
  Dodge: Dodged            ||    45

Table legend: (Time is in decaauts)
 A = Elapsed time spent in this place.
 B = Non-inter-level travel time spent in this place.
 C = Inter-level travel time spent in this place.
 D = Time resting spent in this place.
 E = Time spent auto-exploring this place.
 F = Levels seen in this place.
 G = Mean time per level.
                   A        B        C        D        E       F      G
               +--------+--------+--------+--------+--------+-----+--------+
         Total |   1382 |   1368 |     14 |     85 |   1076 |   4 |  345.5 |
       Dungeon |   1382 |   1368 |     14 |     85 |   1076 |   4 |  345.5 |
               +--------+--------+--------+--------+--------+-----+--------+

Top non-repeatable levels by time:
     D:1: 998 daAuts
     D:2: 225 daAuts
     D:5: 126 daAuts
     D:4: 31 daAuts
